 Dungeon Crawl Stone Soup version 0.17-a0-1954-g0dddeaa (webtiles) character file.

513 Kusio the Poker (level 7, 0/52 HPs)
             Began as a Demonspawn Abyssal Knight on Oct 4, 2015.
             Was a Priest of Lugonu.
             Fell down a flight of stairs (1 damage)
             ... on level 4 of the Dungeon.
             The game lasted 00:10:59 (5097 turns).

Kusio the Poker (Demonspawn Abyssal Knight)         Turns: 5097, Time: 00:10:59

Health: 0/52       AC:  4    Str: 17    XL:     7   Next: 0%
Magic:  8/8        EV:  6    Int: 13    God:    Lugonu [***...]
Gold:   96         SH:  0    Dex: 12    Spells: 0 memorised, 6 levels left

rFire  . . .     SeeInvis .     a - +1 spear
rCold  . . .     Clarity  .     b - +0 leather armour
rNeg   . . .     SustAt   .     (no shield)
rPois  .         Gourm    .     (helmet restricted)
rElec  .         Spirit   .     (no cloak)
rCorr  .         Warding  .     k - +0 pair of gloves
rMut   .         Stasis   .     (no boots)
MR     .....                    i - amulet of faith
Stlth  +.........               (no ring)
                                g - +2 ring of strength

@: confused, not resistant to hostile enchantments, very unstealthy
A: horns 1
a: Depart the Abyss, Bend Space, Banish, Renounce Religion


You were on level 4 of the Dungeon.
You worshipped Lugonu.
Lugonu was most pleased with you.
You were hungry.

You visited 1 branch of the dungeon, and saw 4 of its levels.
You visited the Abyss 1 time.

You collected 186 gold pieces.
You spent 90 gold pieces at shops.

Inventory:

Hand weapons
 a - a +1 spear (weapon)
Missiles
 n - 18 poisoned needles
Armour
 b - a +0 leather armour (worn)
 k - a +0 pair of gloves (worn)
Jewellery
 g - a +2 ring of strength (left hand)
 i - an amulet of faith (around neck)
Scrolls
 e - 3 scrolls of identify {unknown}
 h - a scroll of random uselessness {unknown}
 j - 2 scrolls of immolation {unknown}
 l - 2 scrolls of enchant armour {unknown}
 m - a scroll of teleportation {unknown}
 p - a scroll of magic mapping {unknown}
 r - 2 scrolls of remove curse {unknown}
Potions
 d - a potion of invisibility {unknown}
 s - a potion of berserk rage {unknown}
 t - a potion of mutation {unknown}
Books
 q - a Necronomicon

   Spells                             Type                      Level
   a - Haunt                          Necromancy/Summoning         7
   b - Borgnjor's Revivification      Necromancy                   8
   c - Death's Door                   Charms/Necromancy            8
   d - Necromutation                  Transmutation/Necromancy     8
Comestibles
 c - 2 bread rations
 f - 2 meat rations


   Skills:
 - Level 3.2 Fighting
 + Level 6.7 Polearms
 - Level 2.0 Armour
 - Level 1.1 Dodging
 - Level 0.2 Stealth
 - Level 2.5 Invocations


You had 6 spell levels left.
You didn't know any spells.

Dungeon Overview and Level Annotations

Branches:
Dungeon (4/15)
 Temple: D:4-7

Altars:
Zin

Annotations:
D:1 Terence
D:4 ldierk's ghost, average TeCj


Innate Abilities, Weirdness & Mutations

You have a pair of small horns on your head.


Message History

Unknown command.
You're too confused!
You're too confused to move!
Ldierk's ghost stares at you. Ldierk's ghost casts a spell at you.
The magic dart hits you!
* * * LOW HITPOINT WARNING * * *
You found a teleport trap!
You're too confused!
Drink which item? (? for menu, Esc to quit)
Drink which item? (? for menu, Esc to quit)
You can't drink that!
Unknown command.
You enter a teleport trap!
The teleport trap disappears.
Your surroundings suddenly seem different.
There is a stone staircase leading up here.
In your confused state, you trip and fall back down the stairs.
* * * LOW HITPOINT WARNING * * *
In your confused state, you trip and fall back down the stairs.
You die...

.............#_#.......'.##......
............##⌠##......##########
.............###.......###.....##
...........#............##.##.###
..........[##......>....##.##.# #
...........##+###.....#.......# #
..................###.####.#### #
..................# #......#.# #
######..........@.# #..#####.# #
#............###..# #.# #
#.................# #.####
#............###.######.....
#............###.........##.
#............#.............#
#............#.#.#.###.#.###
#......................#...#
#................#..........


There were no monsters in sight!

Vanquished Creatures
  An ogre (D:4)
  The ghost of ldierk the Changer, an average MfTm (D:3)
  A scorpion (D:4)
  2 hounds (D:4)
  2 orc priests
  An orc wizard (D:4)
  A worker ant (D:4)
  An iguana (D:4)
  4 adders
  2 worms (D:2)
  12 orcs
  2 ball pythons
  4 giant cockroaches
  6 goblins
  4 hobgoblins
  2 quokkas (D:2)
  4 bats
  A giant gecko skeleton (D:4)
  2 giant newts
  4 jackals (D:4)
  2 kobolds
  6 rats
65 creatures vanquished.

Notes
Turn   | Place    | Note
--------------------------------------------------------------
     0 | Abyss:1  | Kusio the Demonspawn Abyssal Knight began the quest for the Orb.
     0 | Abyss:1  | Reached XP level 1. HP: 18/18 MP: 2/2
    19 | D:1      | Escaped the Abyss
   387 | D:2      | Reached skill level 1 in Dodging
   409 | D:2      | Noticed Terence
   778 | D:2      | Gained mutation: You have a pair of small horns on your head. [demonic ancestry]
   778 | D:2      | Reached XP level 2. HP: 8/24 MP: 3/3
  1476 | D:2      | Reached XP level 3. HP: 29/29 MP: 4/4
  1514 | D:2      | Acquired Lugonu's second power
  1989 | D:2      | Reached XP level 4. HP: 24/35 MP: 5/5
  2414 | D:3      | Reached skill level 4 in Polearms
  2570 | D:3      | Noticed ldierk's ghost (average MfTm)
  3579 | D:4      | Reached XP level 5. HP: 7/41 MP: 6/6
  3905 | D:3      | Killed ldierk's ghost
  3905 | D:3      | Reached skill level 5 in Polearms
  4130 | D:4      | Reached XP level 6. HP: 29/47 MP: 7/7
  4271 | D:4      | Found Zin's Purification Station.
  4286 | D:4      | Found a glowing silver altar of Zin.
  4294 | D:4      | Bought a potion of curing for 90 gold pieces
  4594 | D:4      | Noticed an ogre
  4607 | D:4      | Killed an ogre
  4607 | D:4      | Reached skill level 6 in Polearms
  4673 | D:4      | Acquired Lugonu's third power
  4679 | D:4      | Reached XP level 7. HP: 7/52 MP: 8/8
  4769 | D:4      | Noticed ldierk's ghost (average TeCj)
  4779 | D:4      | HP: 2/52 [ldierk's ghost/magic dart (7)]
  5088 | D:4      | HP: 1/52 [ldierk's ghost/magic dart (7)]
  5095 | D:4      | HP: 1/52 [fell downstairs (1)]
  5097 | D:4      | Fell down a flight of stairs

Vault maps used:
D:1:      dpeg_arrival_pits, kennysheep_nondescript
D:2:      nicolae_overflow_hidden_temple, first_bread, uniq_terence
D:4:      zin_purify
Abyss:1:  minivault_23, minivault_19

Action                   |  1- 3 |  4- 6 |  7- 9 || total
-------------------------+-------+-------+-------++-------
Melee: Spear             |   115 |   220 |     5 ||   340
  Use: Potion            |       |     2 |     1 ||     3
 Stab: Distracted        |     1 |       |       ||     1
       Sleeping          |     1 |       |       ||     1
  Eat: Chunk             |     3 |     3 |       ||     6
       Beef jerky        |       |     1 |       ||     1
       Meat ration       |       |     1 |       ||     1
